 Dungeon Crawl Stone Soup version 0.30-a0-422-g946f4849ff (webtiles) character file.

Game seed: 16681712130379905723

822 bande the Chopper (level 7, -6/44 HPs)
             Began as a Gargoyle Fighter on Dec 8, 2022.
             Was an Initiate of Okawaru.
             Mangled by a wight
             ... wielding a +0 great sword
              (11 damage)
             ... on level 5 of the Dungeon.
             The game lasted 00:06:52 (4204 turns).

bande the Chopper (Gargoyle Fighter)                Turns: 4204, Time: 00:06:53

Health: -6/44      AC: 19    Str: 20    XL:     7   Next: 95%
Magic:  0/8        EV:  4    Int:  8    God:    Okawaru [......]
Gold:   923        SH:  8    Dex: 11    Spells: 5/6 levels left

rFire   . . .      SeeInvis .    i - +1 broad axe (vorpal)
rCold   . . .      Faith    .    o - +0 kite shield
rNeg    + . .      Spirit   +    k - +0 plate armour
rPois   ∞          Reflect  .    h - +1 helmet
rElec   +          Harm     .    (no cloak)
rCorr   .          Rampage  .    (no gloves)
Will    .....                    (no boots)
Stlth   ..........               b - amulet of guardian spirit
HPRegen 0.27/turn                (no ring)
MPRegen 0.11/turn                (no ring)

@: no status effects
A: sickness immunity, AC +4, negative energy resistance 1, electricity
resistance, torment resistance 1, petrification resistance
a: Renounce Religion


You were on level 5 of the Dungeon.
You worshipped Okawaru.
Okawaru was noncommittal.
You visited 2 branches of the dungeon, and saw 6 of its levels.

You collected 1053 gold pieces.
You spent 130 gold pieces at shops.

Inventory:

Hand Weapons
 a - a +0 war axe
 i - a +1 vorpal broad axe (weapon)
Armour
 h - a +1 helmet (worn)
 k - a +0 plate armour (worn)
 o - a +0 kite shield (worn)
Jewellery
 b - an amulet of guardian spirit (around neck)
Wands
 l - a wand of digging (3)
 m - a wand of polymorph (6)
 r - a wand of light (10)
Scrolls
 e - a scroll of enchant armour
 f - 2 scrolls of silence
 p - a scroll of amnesia {unknown}
 q - a scroll of teleportation {unknown}
 s - 2 scrolls of identify
Potions
 c - a potion of heal wounds
 d - 3 potions of might
 g - a potion of magic
 j - 2 potions of mutation
 n - a potion of curing


   Skills:
 + Level 4.7 Fighting
 + Level 5.3 Axes
 + Level 5.1 Armour
 - Level 0.1 Stealth
 + Level 4.3 Shields
 * Level 1.2 Translocations
 * Level 1.6 Invocations
 * Level 2.0 Evocations


You had 5 spell levels left.
You knew the following spells:

 Your Spells              Type           Power      Damage    Failure   Level
a - Apportation           Tloc           4%         N/A       100%        1

Your spell library contained the following spells:

 Spells                   Type           Power      Damage    Failure   Level
 Necrotise                Necr           0%         1d4       100%        1
 Slow                     Hex            0%         N/A       100%        1
 Confusing Touch          Hex            0%         N/A       100%        3
 Ignite Poison            Fire/Tmut/Pois 0%         N/A       100%        3
 Kindle Blastsparks       Fire/Tloc/Air  0%         2d10      100%        3
 Vampiric Draining        Necr           0%         2d6       100%        3
 Petrify                  Tmut/Erth      0%         N/A       100%        4
 Freezing Cloud           Conj/Ice/Air   0%         6-21      100%        5
 Irradiate                Conj/Tmut      0%         3d11      100%        5
 Orb of Destruction       Conj           0%         9d5       100%        7
 Summon Small Mammal      Summ           Unusable   N/A       N/A         1
 Sublimation of Blood     Necr           Unusable   N/A       N/A         2
 Summon Guardian Golem    Hex/Summ       Unusable   N/A       N/A         3
 Spellforged Servitor     Conj/Summ      Unusable   N/A       N/A         7

Dungeon Overview and Level Annotations

Branches:
Dungeon (5/15)             Temple (1/1) D:4

Altars:
Ashenzari
Dithmenos
Elyvilon
Fedhas
Hepliaklqana
Nemelex Xobeh
Okawaru
Qazlal
Sif Muna
Trog
Uskayaw
Vehumet
Wu Jian
Zin
The Shining One

Shops:
D:1 (   D:3 (


Innate Abilities, Weirdness & Mutations

You are immune to sickness and miasma.
Your stone body is resilient. (AC +4)
You are immune to poison.
You resist negative energy. (rN+)
You are resistant to electric shocks. (rElec)
You are resistant to unholy torment.
You are immune to petrification.


Message History

You slash the wight!
You destroy the wight!
Okawaru accepts your kill. You block the wight's attack.
You slash the wight!
The wight is almost destroyed.
The wight hits you but does no damage.
You barely miss the wight.
The wight is almost destroyed.
The wight hits you with a +3 falchion of freezing.
The wight freezes you.
The wight hits you with a +3 falchion of freezing.
* * * LOW HITPOINT WARNING * * *
The wight freezes you.
* * * LOW HITPOINT WARNING * * *
You barely miss the wight.
The wight is almost destroyed.
The wight hits you but does no damage. You block the wight's attack.
You barely miss the wight.
The wight is almost destroyed.
The wight hits you but does no damage.
Unknown command.
You closely miss the wight.
The wight is almost destroyed.
The wight hits you but does no damage. You block the wight's attack.
You barely miss the wight.
The wight is almost destroyed.
The wight hits you with a +3 falchion of freezing!
* * * LOW HITPOINT WARNING * * *
The wight freezes you.
* * * LOW HITPOINT WARNING * * *
You slash the wight!
You destroy the wight!
Okawaru accepts your kill. You block the wight's attack.
Your Evocations skill increases to level 2!
You slash the wight!
The wight is severely damaged.
The wight hits you with a +0 great sword!
You die...

#.......)#### ##..
###.........# ##.
..#.....####### #.
#.#.....#_.#._# #.
#.####..#..... ##' #.#
#..##.P.###.. #.#
#..#..P..#... #z#
##.#_..._#...
##.###@####..###.###...
..................'.....
........####...####.....
###.##.## ##.## ##.... #
#. #.#### ##... #.
#....# ##.. #. #.##.#
##' #. ####'# #. ≈.≈
####.


You could see a wight.

Vanquished Creatures
  A phantom (D:4)
  5 scorpions
  3 wights (D:5)
  A hound (D:5)
  Jessica (D:3)
  An iguana (D:4)
  Ijyb (D:4)
  7 gnolls (D:4)
  4 adders
  2 worms
  3 dart slugs
  10 orcs
  6 endoplasms
  3 giant cockroaches
  9 goblins
  3 hobgoblins
  2 jackals (D:1)
  3 kobolds
  4 quokkas
  6 ball pythons
  3 bats
  A frilled lizard (D:1)
  3 rats
82 creatures vanquished.

Vanquished Creatures (others)
  2 fungi (D:5)
2 creatures vanquished.

Grand Total: 84 creatures vanquished

Notes
Turn   | Place    | Note
-------+----------+-------------------------------------------
     0 | D:1      | bande the Gargoyle Fighter began the quest for the Orb.
     0 | D:1      | Reached XP level 1. HP: 14/14 MP: 1/1
   186 | D:1      | Found Xyjox's Weapon Boutique.
   441 | D:1      | Reached XP level 2. HP: 19/19 MP: 2/2
   919 | D:2      | Reached XP level 3. HP: 22/24 MP: 3/3
   955 | D:2      | Identified a scroll of acquirement
   955 | D:2      | Acquired 875 gold pieces
  1018 | D:1      | Bought a +1 vorpal broad axe for 130 gold pieces
  1275 | D:2      | Reached XP level 4. HP: 29/29 MP: 4/4
  1826 | D:3      | Noticed Jessica
  1826 | D:3      | Noticed a scorpion
  1834 | D:3      | Killed Jessica
  1835 | D:3      | Killed a scorpion
  1836 | D:3      | Reached XP level 5. HP: 20/33 MP: 5/5
  2023 | D:3      | Found a sparkling altar of Nemelex Xobeh.
  2037 | D:3      | Found Plog's Weapon Emporium.
  2769 | D:4      | Reached XP level 6. HP: 37/38 MP: 6/6
  3119 | D:4      | Reached skill level 1 in Evocations
  3410 | D:4      | Noticed Ijyb
  3416 | D:4      | Killed Ijyb
  3417 | D:4      | Reached XP level 7. HP: 43/44 MP: 7/7
  3470 | D:4      | Identified the +6 sling "Keutid" {freeze, Drain rElec rC-
                  | SInv}
  3493 | D:4      | Found a staircase to the Ecumenical Temple.
  3504 | Temple   | Entered the Ecumenical Temple
  3593 | Temple   | Became a worshipper of Warmaster Okawaru
  3609 | D:4      | Learned a level 1 spell: Apportation
  3796 | D:5      | Entered Level 5 of the Dungeon
  3936 | D:5      | Reached skill level 5 in Axes
  4083 | D:5      | Reached skill level 5 in Armour
  4083 | D:5      | Reached skill level 1 in Invocations
  4113 | D:5      | Found a shadowy altar of Dithmenos.
  4114 | D:5      | Found a white marble altar of Elyvilon.
  4115 | D:5      | Found a glowing golden altar of the Shining One.
  4116 | D:5      | Found a hazy altar of Hepliaklqana.
  4128 | D:5      | Found a shimmering blue altar of Sif Muna.
  4194 | D:5      | Reached skill level 1 in Translocations
  4204 | D:5      | Mangled by a wight

Illustrated notes

Levels and vault maps discovered:
D:1:      reono_arrival_mine, layout_loops_corners, serial_shops, shop_fountains
D:2:      layout_basic
D:3:      layout_basic, lemuel_crystal_altar, serial_shops, shop, uniq_jessica
D:4:      layout_basic, minmay_temple_entry_offerings, uniq_ijyb
D:5:      layout_loops_corners, kennysheep_little_box,
          mainiacjoe_overflow_alcove_3, nicolae_ru_awakened_eye,
          serial_aquarium, aquarium_bridge_straight [aquarium_subvault_bridge,
          aquarium_subvault_wall, aquarium_subvault_bridge,
          aquarium_subvault_wall], aquarium_window_fake, aquarium_window_fake,
          aquarium_view_4, aquarium_view_2b, uniq_blork_the_orc, uniq_menkaure
Temple:   hellmonk_temple_flake

Skill      XL: |  1  2  3  4  5  6  7 |
---------------+----------------------+-----
Axes           | 2 3 4 5 |  5.3
Fighting       | 4 |  4.7
Armour         | 4 5 |  5.1
Shields        | 4 |  4.3
Evocations     | 1 2 |  2.0
Invocations    | 1 |  1.6
Translocations | 1 |  1.2
Stealth        | |  0.1

Action                   |  1- 3 |  4- 6 |  7- 9 || total
-------------------------+-------+-------+-------++-------
Melee: War axe           |    49 |       |       ||    49
       Broad axe         |    31 |    96 |    49 ||   176
  Use: Scroll            |     4 |     5 |     1 ||    10
Armor: Scale mail        |    40 |       |       ||    40
       Plate armour      |       |    88 |    29 ||   117
Dodge: Dodged            |    53 |    23 |    11 ||    87
Block: Buckler           |    16 |     7 |       ||    23
       Kite shield       |       |    28 |    19 ||    47

Table legend: (Time is in decaauts)
 A = Elapsed time spent in this place.
 B = Non-inter-level travel time spent in this place.
 C = Inter-level travel time spent in this place.
 D = Time resting spent in this place.
 E = Time spent auto-exploring this place.
 F = Levels seen in this place.
 G = Mean time per level.
                   A        B        C        D        E       F      G
               +--------+--------+--------+--------+--------+-----+--------+
         Total |   4317 |   4127 |    190 |     57 |   3252 |   6 |  719.5 |
       Dungeon |   4218 |   4028 |    190 |     57 |   3180 |   5 |  843.6 |
        Temple |     99 |     99 |      0 |      0 |     72 |   1 |   99.0 |
               +--------+--------+--------+--------+--------+-----+--------+

Top non-repeatable levels by time:
     D:4: 1161 daAuts
     D:3: 986 daAuts
     D:1: 948 daAuts
     D:2: 690 daAuts
     D:5: 430 daAuts
  Temple: 99 daAuts
